 Dungeon Crawl Stone Soup version 0.21-a0-227-g58a7c62 (webtiles) character file.

501 Monsterracer the Insei (level 6, 39/47 HPs)
             Began as a Draconian Transmuter on Aug 30, 2017.
             Was a Follower of Trog.
             Quit the game on level 4 of the Dungeon.
             The game lasted 00:06:17 (3778 turns).

Monsterracer the Insei (Draconian Transmuter)       Turns: 3778, Time: 00:06:17

Health: 39/47      AC:  7    Str: 12    XL:     6   Next: 95%
Magic:  9/9        EV: 12    Int: 15    God:    Trog [*.....]
Gold:   289        SH:  0    Dex: 12    Spells: 3/9 levels left

rFire    . . .     SeeInvis .     - Unarmed
rCold    . . .     Gourm    .   (no shield)
rNeg     . . .     Faith    .   (armour unavailable)
rPois    .         Spirit   .   (helmet restricted)
rElec    .         Reflect  .   n - +0 cloak
rCorr    .         Harm     .   (no gloves)
MR       .....                  (no boots)
Stlth    ..........             (no amulet)
HPRegen  0.15/turn              e - ring of loudness (curse)
MPRegen  0.11/turn              (no ring)

@: no status effects
A: unfitting armour, cold-blooded, AC +6
a: Berserk, Burn Spellbooks, Renounce Religion


You were on level 4 of the Dungeon.
You worshipped Trog.
Trog was aware of your devotion.
You were not hungry.

You visited 1 branch of the dungeon, and saw 4 of its levels.

You collected 289 gold pieces.

Inventory:

Missiles
 a - 63 arrows
Armour
 n - a +0 cloak (worn)
Jewellery
 e - a cursed ring of loudness (left hand)
Scrolls
 i - a scroll of magic mapping {unknown}
 j - 2 scrolls of recharging {unknown}
 l - a scroll of identify {unknown}
 m - a scroll of random uselessness {unknown}
 o - a scroll of amnesia {unknown}
 p - a scroll of blinking {unknown}
 t - a scroll of teleportation {unknown}
Potions
 d - 2 potions of might {unknown}
 f - a potion of brilliance {unknown}
 g - a potion of mutation {unknown}
 r - 2 potions of agility {unknown}
Comestibles
 c - 4 bread rations
 h - 2 meat rations
 k - 4 fruits
 q - a royal jelly
 s - 3 chunks of flesh


   Skills:
 + Level 1.2 Fighting
 + Level 1.7 Dodging
 * Level 5.9 Unarmed Combat
 - Level 2.0 Spellcasting
 - Level 5.5 Transmutations


You had 3 spell levels left.
You knew the following spells:

 Your Spells              Type           Power        Failure   Level  Hunger
a - Beastly Appendage     Tmut           ###...       2%          1    #......
b - Sticks to Snakes      Tmut           ###.....     3%          2    ###....
c - Spider Form           Tmut/Pois      #.........   22%         3    ###....


Dungeon Overview and Level Annotations

Branches:
Dungeon (4/15)
 Temple: D:4-7

Altars:
Qazlal
Trog
Vehumet
Zin


Innate Abilities, Weirdness & Mutations

Your plain brown scales are hard. (AC +6)
You cannot fit into any form of body armour.
You are cold-blooded and may be slowed by cold attacks.


Message History

There is an entrance to an ossuary on this level.
Hurry and find it before the portal is buried!
There is a stone staircase leading up here.
Unknown command.
No target in view!
u - a wand of random effects (?/48) Drop what? 21/52 slots (_ for help) (? for menu, Esc to quit)
You drop a wand of random effects (?/48).
Okay, then.
Drop what? 20/52 slots (_ for help) (? for menu, Esc to quit)
You drop a book of Changes.
The spellbook bursts into flames.
Trog is delighted!
An orc wizard comes into view. It is wielding a dagger of venom.
The orc wizard shouts!
An orc wizard comes into view. It is wielding a dagger.
There are monsters nearby!
The orc wizard shouts!
The orc wizard gestures at you while chanting.
The puff of flame hits you!
Damage: -17%(-8hp) hp: 83%(39hp) Are you sure you want to abandon this character and quit the game? (Confirm with "yes".)

#.##.#
#.##.##...#..#....
#.##.# ........o.
#.##.###........
#....<..........
#.##.###..#... #.##.#
#..... #.##.# #..#.#
.#
###.##.###/.#@#...#
#.................#
###.######...........
###..........$.......
#....................
##########.####.#.###
#.# .#.# ### ## #


You could see an orc wizard.

Vanquished Creatures
  A necrophage (D:2)
  A big kobold (D:2)
  Crazy Yiuf (D:3)
  5 orc wizards (D:3)
  An iguana (D:2)
  Terence (D:3)
  4 adders
  An ooze (D:3)
  2 dart slugs
  4 leopard geckos
  12 orcs (D:3)
  6 giant cockroaches
  6 goblins
  7 hobgoblins
  7 jackals
  6 kobolds
  2 quokkas (D:3)
  13 bats
  2 frilled lizards (D:2)
  6 rats
88 creatures vanquished.

Notes
Turn   | Place    | Note
-------+----------+-------------------------------------------
     0 | D:1      | Monsterracer the Draconian Transmuter began the quest for the Orb.
     0 | D:1      | Reached XP level 1. HP: 16/16 MP: 3/3
    58 | D:1      | HP: 8/16 [leopard gecko (2)]
   389 | D:1      | Reached XP level 2. HP: 23/23 MP: 5/5
   627 | D:1      | You fall through a shaft!
   644 | D:2      | Learned a level 2 spell: Sticks to Snakes
   860 | D:1      | Reached XP level 3. HP: 23/28 MP: 4/6
   865 | D:1      | Learned a level 3 spell: Spider Form
  1282 | D:2      | Found a transporter.
  1285 | D:2      | Noticed a big kobold
  1286 | D:2      | Found a transporter.
  1286 | D:2      | Noticed a necrophage
  1338 | D:2      | HP: 13/28 [goblin/stone (3)]
  1378 | D:2      | HP: 11/28 [hobgoblin/club (2)]
  1605 | D:2      | Reached XP level 4. HP: 32/35 MP: 7/7
  1734 | D:2      | Found a glowing silver altar of Zin.
  1734 | D:2      | Found a radiant altar of Vehumet.
  1813 | D:2      | Found a stormy altar of Qazlal.
  1946 | D:2      | Killed a big kobold
  1946 | D:2      | Reached XP level 5. HP: 29/39 MP: 4/8
  1953 | D:2      | HP: 18/38 [necrophage (7)]
  1958 | D:2      | Killed a necrophage
  2201 | D:2      | Reached skill level 5 in Unarmed Combat
  2403 | D:3      | HP: 18/38 [something (2)]
  2408 | D:3      | Reached XP level 6. HP: 14/45 MP: 4/9
  2632 | D:3      | Noticed Terence
  2641 | D:3      | Killed Terence
  2771 | D:3      | Found a runed door.
  2787 | D:3      | Noticed Crazy Yiuf
  2791 | D:3      | Killed Crazy Yiuf
  2791 | D:3      | Reached skill level 5 in Transmutations
  3534 | D:3      | Found a faded altar of an unknown god.
  3605 | D:3      | Became a worshipper of Trog the Wrathful
  3605 | D:3      | Reached * piety under Trog
  3778 | D:4      | Quit the game

Vault maps used:
D:1:      ncdulo_smallfort
D:2:      gammafunk_temple_overflow_arena, gammafunk_temple_overflow_statue
D:3:      chequers_ecumenical_altar_island, first_bread, uniq_terence,
          uniq_crazy_yiuf_cottage
D:4:      enter_ossuary_5, uniq_duvessa

Skill      XL: |  1  2  3  4  5  6 |
---------------+-------------------+-----
Transmutations | 3 4 5 |  5.5
Unarmed Combat | 4 5 |  5.9
Fighting       | |  1.2
Dodging        | |  1.7
Spellcasting   | |  2.0

Action                   |  1- 3 |  4- 6 || total
-------------------------+-------+-------++-------
Melee: Unarmed           |   142 |   176 ||   318
       Tailslap          |    10 |     7 ||    17
       Kick              |     2 |       ||     2
       Headbutt          |     2 |       ||     2
       Punch             |       |     3 ||     3
 Cast: Beastly Appendage |     5 |       ||     5
       Spider Form       |     1 |    12 ||    13
       Sticks to Snakes  |       |     2 ||     2
Invok: Burn Spellbooks   |       |     1 ||     1
  Use: Potion            |       |     5 ||     5
  Eat: Chunk             |     3 |     9 ||    12
Armor: Skin              |    46 |    27 ||    73
Dodge: Dodged            |   135 |   127 ||   262

Table legend:
 A = Spawn XP
 B = Non-spawn XP
 C = Spawn XP percentage of total XP
 D = Spawn monster count
 E = Non-spawn monster count
 F = Spawn count percentage of total count
 G = Total turns spent on level
                    A         B        C        D         E        F      G
               +---------+---------+-------+---------+---------+-------+---------
         Total |      31 |     686 |   4.3 |      12 |      76 |  13.6 |  3778
               +---------+---------+-------+---------+---------+-------+---------
           D:1 |       7 |      30 |  18.9 |       4 |      17 |  19.0 |   875
           D:2 |       5 |     303 |   1.6 |       4 |      20 |  16.7 |  1437
           D:3 |      19 |     353 |   5.1 |       4 |      39 |   9.3 |  1438
               +---------+---------+-------+---------+---------+-------+---------
